 Dungeon Crawl Stone Soup version 0.27-a0-1188-g73eefd5def (webtiles) character file.

Game seed: 5623725149784488687

175 karrick the Grave Robber (level 5, -4/28 HPs)
             Began as a Deep Elf Necromancer on May 21, 2021.
             Was a Follower of Sif Muna.
             Slain by an ogre
             ... wielding a +0 giant club
              (22 damage)
             ... on level 4 of the Dungeon.
             The game lasted 00:09:13 (3665 turns).

karrick the Grave Robber (Deep Elf Necromancer)     Turns: 3665, Time: 00:09:15

Health: -4/28      AC:  3    Str:  6    XL:     5   Next: 29%
Magic:  4/14       EV: 13    Int: 20    God:    Sif Muna [*.....]
Gold:   165        SH:  0    Dex: 15    Spells: 12/14 levels left

rFire    . . .     SeeInvis .   f - +0 short sword
rCold    . . .     Faith    .   (no shield)
rNeg     . . .     Spirit   .   a - +1 robe
rPois    .         Reflect  .   (no helmet)
rElec    .         Harm     .   (no cloak)
rCorr    .         Rampage  .   (no gloves)
Will     .....                  (no boots)
Stlth    ++........             (no amulet)
HPRegen  0.09/turn              (no ring)
MPRegen  0.14/turn              (no ring)

@: no status effects
A: no striking features
a: Renounce Religion, Channel Magic


You were on level 4 of the Dungeon.
You worshipped Sif Muna.
Sif Muna was aware of your devotion.
You visited 1 branch of the dungeon, and saw 4 of its levels.
You also visited: Ossuary.

You collected 165 gold pieces.

Inventory:

Hand Weapons
 f - a +0 short sword (weapon)
 j - a +2 hand axe of draining
Armour
 a - a +1 robe (worn)
Scrolls
 d - a scroll of holy word {unknown}
 e - 10 scrolls of identify {unknown}
 g - a scroll of vulnerability {unknown}
 h - 3 scrolls of enchant armour
 l - a scroll of brand weapon {unknown}
 m - 3 scrolls of immolation {unknown}
 n - a scroll of amnesia {unknown}
 p - 2 scrolls of noise {unknown}
 s - a scroll of acquirement {unknown}
 u - a scroll of fog {unknown}
 v - 2 scrolls of enchant weapon {unknown}
Potions
 b - 2 potions of brilliance {unknown}
 c - 3 potions of curing
 i - 2 potions of lignification {unknown}
 k - 2 potions of ambrosia {unknown}
 o - 5 potions of degeneration {unknown}
 q - a potion of mutation {unknown}
 r - a potion of flight {unknown}
 t - a potion of berserk rage {unknown}


   Skills:
 + Level 0.1 Short Blades
 + Level 3.3 Dodging
 + Level 2.6 Stealth
 + Level 5.0 Spellcasting
 + Level 0.2 Conjurations
 + Level 6.4 Necromancy
 * Level 0.3 Fire Magic


You had 12 spell levels left.
You knew the following spells:

 Your Spells              Type           Power      Damage    Failure   Level
a - Pain                  Necr           100%       1d9       1%          1
b - Foxfire               Conj/Fire      24%        2x1d5     11%         1

Your spell library contained the following spells:

 Spells                   Type           Power      Damage    Failure   Level
 Animate Skeleton         Necr           60%        N/A       1%          1
 Vampiric Draining        Necr           15%        2d8       2%          3
 Animate Dead             Necr           15%        N/A       9%          4
 Freeze                   Ice            20%        1d4       12%         1
 Summon Small Mammal      Summ           20%        N/A       12%         1
 Agony                    Necr           30%        N/A       22%         5
 Frozen Ramparts          Ice            10%        1d3       34%         3
 Ozocubu's Armour         Ice            5%         N/A       34%         3
 Hailstorm                Conj/Ice       5%         3d4       73%         4
 Metabolic Englaciation   Hex/Ice        2%         N/A       97%         5


Dungeon Overview and Level Annotations

Branches:
Dungeon (4/15)             Temple (0/1) D:4         Ossuary (visited)

Altars:
Kikubaaqudgha
Ru
Sif Muna

Shops:
D:1 (   D:3 *([(


Message History

Aim: an endoplasm (heavily wounded, chance to affect: 93%)
The endoplasm writhes in agony.
You kill the endoplasm!
Sif Muna accepts your kill.
The sentinel's mark upon you fades away.
Casting: Pain (safe; 1% risk of failure)
Confirm with . or Enter, or press ? or * to list all spells.
Aiming: Pain (safe; 1% risk of failure)
Press: ? - help, Shift-Dir - straight line, f - jackal
Aim: a jackal (chance to affect: 93%)
The jackal writhes in agony!
You kill the jackal!
Sif Muna accepts your kill.
Casting: Pain (safe; 1% risk of failure)
Confirm with . or Enter, or press ? or * to list all spells.
Aiming: Pain (safe; 1% risk of failure)
Press: ? - help, Shift-Dir - straight line, f - ogre
Aim: an ogre, wielding a +0 giant club (chance to affect: 84%)
The ogre writhes in agony.
Casting: Pain (safe; 1% risk of failure)
Confirm with . or Enter, or press ? or * to list all spells.
Aiming: Pain (safe; 1% risk of failure)
Press: ? - help, Shift-Dir - straight line, f/p - ogre
Aim: an ogre, wielding a +0 giant club (lightly wounded, chance to affect: 84%)
The ogre writhes in agony!
Casting: Pain (safe; 1% risk of failure)
Confirm with . or Enter, or press ? or * to list all spells.
Aiming: Pain (safe; 1% risk of failure)
Press: ? - help, Shift-Dir - straight line, f/p - ogre
Aim: an ogre, wielding a +0 giant club (moderately wounded, chance to affect: 84%)
The ogre writhes in agony.
Casting: Pain (safe; 1% risk of failure)
Confirm with . or Enter, or press ? or * to list all spells.
Aiming: Pain (safe; 1% risk of failure)
Press: ? - help, Shift-Dir - straight line, f/p - ogre
Aim: an ogre, wielding a +0 giant club (heavily wounded, chance to affect: 84%)
The ogre writhes in agony!
The ogre hits you with a +0 giant club!!
Ouch! That really hurt!
You die...

#######'.........
######...........
..........####.#.
#######.### #.# #.#
#.# #.# #.# #.# #.#
#.# #.#######.##
#.# #..@O.......
#.######.#######.##
#...............
################


You could see an ogre.

Vanquished Creatures
  A centaur zombie (Ossuary)
  6 mummies (Ossuary)
  An adder (D:2)
  A dart slug (D:1)
  An orc (D:4)
  7 endoplasms
  2 giant cockroaches
  2 gnoll zombies (Ossuary)
  5 hobgoblins
  6 jackals
  5 kobolds
  A quokka (D:1)
  5 ball pythons
  3 bats
  A frilled lizard (D:2)
  4 goblins
  3 hobgoblin zombies (Ossuary)
  A kobold zombie (Ossuary)
  An orc zombie (Ossuary)
  2 rats (D:1)
58 creatures vanquished.

Vanquished Creatures (others)
  65 foxfires (Ossuary)
  3 plants (D:4)
68 creatures vanquished.

Grand Total: 126 creatures vanquished

Notes
Turn   | Place    | Note
-------+----------+-------------------------------------------
     0 | D:1      | karrick the Deep Elf Necromancer began the quest for the
                  | Orb.
     0 | D:1      | Reached XP level 1. HP: 10/10 MP: 6/6
    62 | D:1      | Reached skill level 5 in Necromancy
   584 | D:1      | Reached XP level 2. HP: 14/15 MP: 6/8
   810 | D:1      | Found Buhocoxa's Antique Weapon Boutique.
  1304 | D:2      | Found an ancient bone altar of Kikubaaqudgha.
  1805 | D:2      | Reached XP level 3. HP: 15/19 MP: 5/9
  1927 | D:2      | Found a faded altar of an unknown god.
  2092 | D:3      | Identified Kucweagh's Magic for Novices
  2159 | D:3      | Found Ikionaga's Weapon Emporium.
  2250 | D:3      | Found Ilof's Antique Armour Shop.
  2251 | D:3      | Found Odol's Antique Weapon Shoppe.
  2383 | D:3      | Found Osas's General Store.
  2555 | D:3      | Found a sacrificial altar of Ru.
  2555 | D:3      | Found a shimmering blue altar of Sif Muna.
  2664 | D:3      | Reached skill level 6 in Necromancy
  2722 | D:3      | Became a worshipper of Sif Muna the Loreminder
  2849 | D:4      | Found a staircase to the Ecumenical Temple.
  3045 | D:4      | Found a sand-covered staircase.
  3062 | Ossuary  | Entered an ossuary
  3126 | Ossuary  | Learned a level 1 spell: Foxfire
  3137 | Ossuary  | Reached XP level 4. HP: 20/24 MP: 2/12
  3416 | Ossuary  | Reached skill level 5 in Spellcasting
  3445 | Ossuary  | Reached XP level 5. HP: 28/28 MP: 6/14
  3657 | D:4      | Reached * piety under Sif Muna
  3657 | D:4      | Noticed an ogre
  3665 | D:4      | Slain by an ogre

Illustrated notes

Levels and vault maps discovered:
D:1:      scummos_arrival_simple_fountains, layout_basic, serial_shops,
          nicolae_shop_temple_entry_statues_fountains, minmay_circled_x
D:2:      layout_basic, serial_rivers, chequers_serial_rivers_micro_c,
          chequers_serial_rivers_micro_c, chequers_serial_rivers_room_b,
          chequers_serial_rivers_room_a, chequers_serial_rivers_micro_c,
          chequers_serial_rivers_micro_b, basic_altar, basic_ecumenical_altar,
          minmay_octomino_e4
D:3:      layout_basic, gammafunk_temple_overflow_statue, serial_shops, shop,
          shop, nicolae_shop_stone, shop
D:4:      layout_basic, minmay_temple_entry_gardened_gates,
          nicolae_ossuary_entry_false_entrances, minmay_fire_ice_demons,
          uniq_edmund

Skill      XL: |  1  2  3  4  5 |
---------------+----------------+-----
Necromancy     | 5 6 |  6.4
Spellcasting   | 4 5 |  5.0
Dodging        | 3 |  3.3
Short Blades   | |  0.1
Stealth        | |  2.6
Conjurations   | |  0.2
Fire Magic     | |  0.3

Action                   |  1- 3 |  4- 6 || total
-------------------------+-------+-------++-------
Melee: Short sword       |     1 |    20 ||    21
 Cast: Pain              |    58 |    11 ||    69
       Foxfire           |     7 |    27 ||    34
Evoke: Wand              |       |     8 ||     8
  Use: Scroll            |     1 |       ||     1
       Potion            |     1 |       ||     1
 Stab: Sleeping          |       |     1 ||     1
Armor: Robe              |     1 |     8 ||     9
Dodge: Dodged            |     6 |    20 ||    26

Table legend: (Time is in decaauts)
 A = Elapsed time spent in this place.
 B = Non-inter-level travel time spent in this place.
 C = Inter-level travel time spent in this place.
 D = Time resting spent in this place.
 E = Time spent auto-exploring this place.
 F = Levels seen in this place.
 G = Mean time per level.
                   A        B        C        D        E       F      G
               +--------+--------+--------+--------+--------+-----+--------+
         Total |   3667 |   3480 |    187 |    159 |   2567 |   5 |  733.4 |
       Dungeon |   3103 |   2916 |    187 |      0 |   2556 |   4 |  775.8 |
       Ossuary |    563 |    563 |      0 |    159 |     11 |   1 |  563.0 |
               +--------+--------+--------+--------+--------+-----+--------+

Top non-repeatable levels by time:
     D:2: 1047 daAuts
     D:1: 996 daAuts
     D:3: 821 daAuts
 Ossuary: 563 daAuts
     D:4: 238 daAuts
